 Dungeon Crawl Stone Soup version 0.28.0-43-g3370ac3207 (webtiles) character file.

Game seed: 8230440428256198066

2541 nickcage the Carver (level 9, -6/74 HPs)
             Began as a Minotaur Fighter on Mar 8, 2022.
             Was a Follower of Qazlal.
             Mangled by a gnoll
             ... wielding a +0 halberd
              (12 damage)
             ... on level 6 of the Dungeon.
             The game lasted 00:13:40 (7839 turns).

nickcage the Carver (Minotaur Fighter)              Turns: 7839, Time: 00:13:41

Health: -6/74      AC:  7    Str: 26    XL:     9   Next: 30%
Magic:  8/8        EV:  9    Int: 11    God:    Qazlal [*.....]
Gold:   214        SH:  6    Dex:  9    Spells: 8/8 levels left

rFire   . . .      SeeInvis .   x - +2 scimitar
rCold   . . .      Faith    .   c - +0 buckler
rNeg    . . .      Spirit   .   b - +0 scale mail
rPois   .          Reflect  .   (helmet restricted)
rElec   .          Harm     .   (no cloak)
rCorr   .          Rampage  .   (no gloves)
Will    .....                   (no boots)
Stlth   ..........              (no amulet)
HPRegen 0.22/turn               o - +6 ring of intelligence
MPRegen 0.11/turn               (no ring)

@: no status effects
A: horns 2, retaliatory headbutt
a: Renounce Religion


You were on level 6 of the Dungeon.
You worshipped Qazlal.
Qazlal was aware of your devotion.
You visited 2 branches of the dungeon, and saw 7 of its levels.

You collected 214 gold pieces.

Inventory:

Hand Weapons
 w - a +4 falchion
 x - a +2 scimitar (weapon)
Missiles
 n - 6 curare-tipped darts (quivered)
Armour
 b - a +0 scale mail (worn)
 c - a +0 buckler (worn)
Jewellery
 o - a +6 ring of intelligence (left hand)
Wands
 v - a wand of paralysis (2)
Scrolls
 a - 2 scrolls of fog {unknown}
 g - 2 scrolls of teleportation
 h - 4 scrolls of magic mapping
 j - 4 scrolls of noise
 q - 2 scrolls of vulnerability
Potions
 d - 2 potions of might
 e - a potion of mutation
 f - a potion of haste {unknown}
 i - a potion of brilliance {unknown}
 k - 2 potions of curing {unknown}
 l - a potion of resistance
 s - 2 potions of magic {unknown}
 t - 2 potions of ambrosia


   Skills:
 + Level 5.0 Fighting
 - Level 14.0 Long Blades
 - Level 0.3 Throwing
 + Level 5.3 Armour
 + Level 4.0 Shields


You had 8 spell levels left.
You didn't know any spells.
Your spell library contained the following spells:

 Spells                   Type           Power      Damage    Failure   Level
 Blink                    Tloc           0%         N/A       83%         2
 Lesser Beckoning         Tloc           0%         N/A       96%         3
 Airstrike                Air            0%         N/A       100%        4
 Summon Lightning Spire   Summ/Air       0%         N/A       100%        4
 Lightning Bolt           Conj/Air       0%         1d11      100%        5
 Manifold Assault         Tloc           0%         N/A       100%        5


Dungeon Overview and Level Annotations

Branches:
Dungeon (6/15)             Temple (1/1) D:5

Altars:
Ashenzari
Cheibriados
Dithmenos
Elyvilon
Fedhas
Gozag
Nemelex Xobeh
Okawaru
Qazlal
Ru
Sif Muna
Vehumet
Wu Jian
Yredelemnul
The Shining One

Shops:
D:5 (   D:6 [


Innate Abilities, Weirdness & Mutations

You have a pair of horns on your head.
You reflexively headbutt those who attack you in melee.


Message History

You closely miss the gnoll. Your headbutt misses the gnoll. You hit the gnoll.
You headbutt the gnoll!
You kill the gnoll!
Qazlal accepts your kill.
The gnoll hits you from afar with a +0 spear!
* * * LOW HITPOINT WARNING * * *
The gnoll throws a throwing net.
Something gets caught in the net!
Something wriggles in the net.
Something wriggles in the net.
You slice something!! Qazlal accepts your kill.
Reactivating autopickup.
You feel a bit more experienced.
Your Fighting skill increases to level 5!
You barely miss the gnoll. You headbutt the gnoll.
The gnoll is moderately wounded.
You closely miss the gnoll.
The gnoll is moderately wounded.
The gnoll hits you with a +0 flail.
* * * LOW HITPOINT WARNING * * *
The gnoll hits you but does no damage.
You slash the gnoll!
You kill the gnoll!
Qazlal accepts your kill. You block the gnoll's attack.
The gnoll hits you from afar with a +0 halberd!
* * * LOW HITPOINT WARNING * * *
The gnoll hits you with a +0 spear.
* * * LOW HITPOINT WARNING * * *
Items here: ( )) [ †.
You barely miss the gnoll. You headbutt the gnoll.
The gnoll is moderately wounded.
The gnoll hits you from afar with a +0 halberd.
* * * LOW HITPOINT WARNING * * *
You slash the gnoll!
You kill the gnoll!
Qazlal accepts your kill. The gnoll closely misses you.
The gnoll hits you with a +0 halberd!
You die...

#.# #.# #.#.####... #.# #.#
#.#........ #.# #.# #.#.####..>
#.# #.# #.#.###.... #.# #.#
#.#........ #.# #.# #.#.####.#.
#.###########.# #.#........
#.............#########.#.#####.#
###############g@)............#.#
#....#######.#.###.#.# +......#
#.#.....#.# #######....#.#
#.#######.# ...........#.#
#..######.#
###.#.#.)..#.#####.......#.# #
#)#..#P..P.#..####...#
...#.#...P............
.#.##.#...P###.###.....


You could see a gnoll.

Vanquished Creatures
  Sigmund (D:3)
  Eustachio (D:5)
  Menkaure (D:5)
  An ice beast (D:5)
  A necrophage (D:6)
  A sky beast (D:5)
  2 black bears (D:6)
  4 ogres
  2 centaurs (D:6)
  A water moccasin zombie (D:6)
  4 wights (D:4)
  A howler monkey (D:5)
  2 bullfrog zombies (D:6)
  2 centaur zombies
  A hound (D:6)
  4 orc priests
  3 bullfrog skeletons (D:6)
  Jessica (D:3)
  4 iguanas
  3 orc wizards
  A killer bee zombie (D:6)
  A howler monkey zombie (D:6)
  A howler monkey skeleton (D:4)
  6 gnolls
  13 adders
  A shadow imp (D:6)
  2 adder skeletons (D:4)
  2 worms (D:2)
  2 dart slugs (D:1)
  7 orcs
  11 endoplasms
  4 giant cockroaches
  6 goblins
  6 hobgoblins
  10 jackals
  12 kobolds
  2 quokkas (D:3)
  8 ball pythons
  4 bats
  3 frilled lizards
  6 rats
148 creatures vanquished.

Vanquished Creatures (others)
  A withered plant (D:6)
1 creature vanquished.

Grand Total: 149 creatures vanquished

Notes
Turn   | Place    | Note
-------+----------+-------------------------------------------
     0 | D:1      | nickcage the Minotaur Fighter began the quest for the Orb.
     0 | D:1      | Reached XP level 1. HP: 19/19 MP: 0/0
   135 | D:1      | Reached skill level 3 in Long Blades
   204 | D:1      | You fall into a shaft and drop 1 floor!
   209 | D:2      | Reached XP level 2. HP: 21/26 MP: 1/1
   616 | D:1      | Reached skill level 4 in Long Blades
   810 | D:1      | Reached XP level 3. HP: 31/31 MP: 2/2
  1420 | D:1      | Reached skill level 5 in Long Blades
  1904 | D:2      | Reached XP level 4. HP: 39/39 MP: 3/3
  2314 | D:3      | Noticed Sigmund
  2320 | D:3      | Killed Sigmund
  2321 | D:3      | Reached skill level 7 in Long Blades
  2321 | D:3      | Reached XP level 5. HP: 45/45 MP: 4/4
  2386 | D:3      | Reached XP level 6. HP: 47/51 MP: 5/5
  2442 | D:3      | Noticed Jessica
  2448 | D:3      | Killed Jessica
  2789 | D:3      | Reached skill level 8 in Long Blades
  3505 | D:4      | Reached skill level 9 in Long Blades
  3506 | D:4      | Reached XP level 7. HP: 45/57 MP: 6/6
  4524 | D:4      | Found a shadowy altar of Dithmenos.
  4524 | D:4      | Found a blossoming altar of Fedhas.
  4680 | D:5      | Entered Level 5 of the Dungeon
  4761 | D:5      | Reached skill level 10 in Long Blades
  4793 | D:5      | Found a staircase to the Ecumenical Temple.
  5141 | Temple   | Entered the Ecumenical Temple
  5205 | Temple   | Became a worshipper of Qazlal Stormbringer
  5375 | D:5      | Found Iczihus's Weapon Boutique.
  5385 | D:5      | Reached skill level 11 in Long Blades
  5474 | D:5      | Reached XP level 8. HP: 64/64 MP: 7/7
  5802 | D:5      | Found an ornate altar of the Wu Jian Council.
  5850 | D:5      | Noticed Menkaure
  5850 | D:5      | Noticed Eustachio
  5865 | D:5      | Killed Menkaure
  5866 | D:5      | Reached skill level 12 in Long Blades
  5891 | D:5      | Killed Eustachio
  6080 | D:5      | Reached skill level 13 in Long Blades
  6382 | D:5      | Found a snail-covered altar of Cheibriados.
  6414 | D:5      | Found a sacrificial altar of Ru.
  6790 | D:6      | Found Maices's Armour Emporium.
  7400 | D:6      | Reached skill level 14 in Long Blades
  7400 | D:6      | Reached XP level 9. HP: 66/70 MP: 8/8
  7445 | D:6      | Reached * piety under Qazlal
  7818 | D:6      | Reached skill level 5 in Armour
  7833 | D:6      | Reached skill level 5 in Fighting
  7839 | D:6      | Mangled by a gnoll

Illustrated notes

Levels and vault maps discovered:
D:1:      dpeg_arrival_orchard, layout_loops_corners, patterned_corridor
D:2:      layout_loops_cross, roderic_roman_lattice
D:3:      layout_basic, minmay_misc_feat_nine_boxes, uniq_sigmund, uniq_jessica
D:4:      layout_cave_pods, gammafunk_temple_overflow_statue
D:5:      kennysheep_six_static_rooms, layout_basic,
          pdpol_wu_jian_five_deadly_venoms, mainiacjoe_overflow_two_lobes,
          minmay_temple_entry_sparse_star, serial_shops, nicolae_shop_crystal,
          minivault_19, uniq_eustachio, uniq_menkaure
D:6:      layout_basic, serial_undead, serial_undead_b, serial_undead_d,
          serial_undead_b, serial_undead_e, serial_undead_b, serial_undead_b,
          serial_shops, nicolae_stop_n_shop_1, st_stairs_11
Temple:   eino_wide_crystal_templ

Skill      XL: |  1  2  3  4  5  6  7  8  9 |
---------------+----------------------------+-----
Long Blades    | 3 4 5 7 9 11 14 | 14.0
Armour         | 5 |  5.3
Fighting       | 5 |  5.0
Shields        | 4 |  4.0
Throwing       | |  0.3

Action                   |  1- 3 |  4- 6 |  7- 9 || total
-------------------------+-------+-------+-------++-------
Melee: Long sword        |   101 |    81 |       ||   182
       Headbutt          |    12 |    13 |    41 ||    66
       Scimitar          |       |     2 |   222 ||   224
Throw: Dart              |       |     1 |       ||     1
  Use: Potion            |       |     1 |     1 ||     2
       Scroll            |       |       |    12 ||    12
Armor: Scale mail        |    42 |    22 |    73 ||   137
Dodge: Dodged            |    43 |    43 |    68 ||   154
Block: Buckler           |    22 |    16 |    28 ||    66
